| TOP OF THE 1ST |
|
Brooklyn Cyclones batting - Pitching for Rome Braves : RHP Mokichi Furuta
|
|
Pitching: RHP Mokichi Furuta
|
|
|
Batting: RHB Tony Oria
|
0-0: Foul Ball, location: 2F 0-1: Called Strike 0-2: Foul Ball, location: 2F 0-2: Ground out 1-3 (Groundball, 13S, EV 71.3 MPH)
|
|
Batting: LHB Victor Ferrermena
|
0-0: Called Strike 0-1: Ball 1-1: SINGLE (Groundball, 6D, EV 98.1 MPH)
|
|
Batting: LHB Kodai Furuki
|
0-0: Grounds into double play, 4-6-3 (Groundball, 4, EV 82.5 MPH)
|
| Top of the 1st over - 0 runs, 1 hit, 0 errors, 0 left on base; Brooklyn 0 - Rome 0 |
| BOTTOM OF THE 1ST |
|
Rome Braves batting - Pitching for Brooklyn Cyclones : LHP Steve Kelly
|
|
Pitching: LHP Steve Kelly
|
|
|
Batting: RHB Alex Velasquez
|
0-0: Ball 1-0: Ball 2-0: Ground out 4-3 (Groundball, 4, EV 76.9 MPH)
|
|
Batting: RHB Brandon Burrell
|
0-0: Foul Ball, location: 2F 0-1: Ball 1-1: Foul Ball, location: 2F 1-2: Foul Ball, location: 2F 1-2: Ball 2-2: Foul Ball, location: 2F 2-2: Ball 3-2: Strikes out looking
|
|
Batting: RHB Ike Trout
|
0-0: Called Strike 0-1: Called Strike 0-2: Foul Ball, location: 2F 0-2: SINGLE (Groundball, 4D, EV 96.9 MPH)
|
|
Batting: RHB Jose Ramos
|
0-0: Swinging Strike 0-1: Ball 1-1: Swinging Strike 1-2: Ball 2-2: Foul Ball, location: 2F 2-2: Ball 3-2: Base on Balls Ike Trout to second
|
|
Batting: LHB Mike Tenorio
|
0-0: Foul Ball, location: 2F 0-1: Swinging Strike 0-2: Ball 1-2: Strikes out swinging
|
| Bottom of the 1st over - 0 runs, 1 hit, 0 errors, 2 left on base; Brooklyn 0 - Rome 0 |
| TOP OF THE 2ND |
|
Brooklyn Cyclones batting - Pitching for Rome Braves : RHP Mokichi Furuta
|
|
Batting: LHB Adam Barry
|
0-0: Foul Ball, location: 2F 0-1: Called Strike 0-2: TRIPLE (Line Drive, 7D, EV 98.1 MPH)
|
|
Batting: SHB Julio Ramos
|
0-0: Ball 1-0: Called Strike 1-1: Foul Ball, location: 2F 1-2: Ball 2-2: Ball Wild Pitch! Adam Barry scores 3-2: SINGLE (Groundball, 4MD, EV 109.4 MPH)
|
|
Batting: RHB Leo Roman
|
0-0: Ball 1-0: TRIPLE (Line Drive, 78XD, EV 106.9 MPH) Julio Ramos scores
|
|
Batting: RHB Mario Trujillo
|
0-0: Called Strike 0-1: Ball 1-1: Called Strike 1-2: Strikes out swinging
|
|
Batting: LHB Manny Caldera
|
0-0: Ball 1-0: Ground out 6-3 (Groundball, 6, EV 88.8 MPH) Leo Roman scores
|
|
Batting: RHB Hyeok Kim
|
0-0: Ball 1-0: Ball 2-0: Called Strike 2-1: Foul Ball, location: 2F 2-2: Strikes out swinging
|
| Top of the 2nd over - 3 runs, 3 hits, 0 errors, 0 left on base; Brooklyn 3 - Rome 0 |
| BOTTOM OF THE 2ND |
|
Rome Braves batting - Pitching for Brooklyn Cyclones : LHP Steve Kelly
|
|
Batting: RHB Tim Molchan
|
0-0: Called Strike 0-1: Ball 1-1: Ball 2-1: Ground out 5-3 (Groundball, 5, EV 82.5 MPH)
|
|
Batting: RHB Peter Wheeler
|
0-0: Swinging Strike 0-1: Ball 1-1: Ball 2-1: Ball 3-1: Base on Balls
|
|
Batting: LHB Javier Rubio
|
0-0: Called Strike 0-1: Ball 1-1: Foul Ball, location: 2F 1-2: Strikes out looking
|
|
Batting: LHB Malik Boulay
|
0-0: Ball 1-0: Called Strike 1-1: SINGLE (Groundball, 6D, EV 102.5 MPH) Peter Wheeler to second
|
|
Batting: RHB Alex Velasquez
|
0-0: Called Strike 0-1: Ball 1-1: Called Strike 1-2: Foul Ball, location: 2F 1-2: Fielders Choice at 2nd, 6-4 (Groundball, 6, EV 93.8 MPH)
|
| Bottom of the 2nd over - 0 runs, 1 hit, 0 errors, 2 left on base; Brooklyn 3 - Rome 0 |
| TOP OF THE 3RD |
|
Brooklyn Cyclones batting - Pitching for Rome Braves : RHP Mokichi Furuta
|
|
Batting: RHB Tony Oria
|
0-0: Called Strike 0-1: Foul Ball, location: 2F 0-2: Ball 1-2: Ball 2-2: Foul Ball, location: 2F 2-2: Foul Ball, location: 2F 2-2: Foul Ball, location: 2F 2-2: Foul Ball, location: 2F 2-2: Ball 3-2: Foul Ball, location: 2F 3-2: Strikes out swinging
|
|
Batting: LHB Victor Ferrermena
|
0-0: Ball 1-0: Foul Ball, location: 2F 1-1: Ball 2-1: DOUBLE (Flyball, 78D, EV 95.0 MPH)
|
|
Batting: LHB Kodai Furuki
|
0-0: Ball Wild Pitch! Victor Ferrermena to third 1-0: Called Strike 1-1: Foul Ball, location: 2F 1-2: Ball 2-2: Ground out 6-3 (Groundball, 4M, EV 104.4 MPH) Victor Ferrermena scores
|
|
Batting: LHB Adam Barry
|
0-0: Ball 1-0: Ball 2-0: Ball 3-0: Called Strike 3-1: SINGLE (Groundball, P, EV 84.4 MPH) (infield hit)
|
|
Batting: SHB Julio Ramos
|
0-0: Foul Ball, location: 2F 0-1: Called Strike 0-2: Strikes out swinging
|
| Top of the 3rd over - 1 run, 2 hits, 0 errors, 1 left on base; Brooklyn 4 - Rome 0 |
| BOTTOM OF THE 3RD |
|
Rome Braves batting - Pitching for Brooklyn Cyclones : LHP Steve Kelly
|
|
Batting: RHB Brandon Burrell
|
0-0: Ball 1-0: Swinging Strike 1-1: Foul Ball, location: 2F 1-2: Strikes out swinging
|
|
Batting: RHB Ike Trout
|
0-0: Ball 1-0: Ball 2-0: Called Strike 2-1: Foul Ball, location: 2F 2-2: Ball 3-2: Strikes out swinging, 2-3 out at first.
|
|
Batting: RHB Jose Ramos
|
0-0: Foul Ball, location: 2F 0-1: Swinging Strike 0-2: Ball 1-2: Ground out 6-3 (Groundball, 6, EV 81.3 MPH)
|
| Bottom of the 3rd over - 0 runs, 0 hits, 0 errors, 0 left on base; Brooklyn 4 - Rome 0 |
| TOP OF THE 4TH |
|
Brooklyn Cyclones batting - Pitching for Rome Braves : RHP Mokichi Furuta
|
|
Batting: RHB Leo Roman
|
0-0: Foul Ball, location: 2F 0-1: SINGLE (Groundball, 56D, EV 95.0 MPH)
|
|
Batting: RHB Mario Trujillo
|
0-0: Foul Ball, location: 2F 0-1: Ball 1-1: Hit by Pitch Leo Roman to second
|
|
Batting: LHB Manny Caldera
|
0-0: Called Strike 0-1: Ball Wild Pitch! Leo Roman to third Mario Trujillo to second 1-1: Foul Ball, location: 2F 1-2: Foul Ball, location: 2F 1-2: Foul Ball, location: 2F 1-2: Ball 2-2: SINGLE (Groundball, 3S, EV 61.9 MPH) (infield hit) Leo Roman scores Mario Trujillo to third
|
|
Batting: RHB Hyeok Kim
|
0-0: Ball 1-0: Swinging Strike 1-1: Ball 2-1: Foul Ball, location: 2F 2-2: Foul Ball, location: 2F 2-2: Foul Ball, location: 2F 2-2: Ball 3-2: Fielders Choice at 2nd, 6-4 (Groundball, 6, EV 80.6 MPH) Mario Trujillo scores
|
|
Pitching: RHP Jose Medina
|
|
|
Batting: RHB Tony Oria
|
0-0: Called Strike 0-1: Foul Ball, location: 2F 0-2: Ball 1-2: Ball Hyeok Kim steals 2nd, throwing error, E2 Hyeok Kim to third 2-2: Foul Ball, location: 2F 2-2: Strikes out swinging
|
|
Batting: LHB Victor Ferrermena
|
0-0: Ball 1-0: Ground out 4-3 (Groundball, 34D, EV 101.3 MPH)
|
| Top of the 4th over - 2 runs, 2 hits, 1 error, 1 left on base; Brooklyn 6 - Rome 0 |
| BOTTOM OF THE 4TH |
|
Rome Braves batting - Pitching for Brooklyn Cyclones : LHP Steve Kelly
|
|
Batting: LHB Mike Tenorio
|
0-0: Ball 1-0: Foul Ball, location: 2F 1-1: Foul Ball, location: 2F 1-2: Ball 2-2: Strikes out swinging, 2-3 out at first.
|
|
Batting: RHB Tim Molchan
|
0-0: Called Strike 0-1: Ball 1-1: Fly out, F9 (Flyball, 9D, EV 103.1 MPH)
|
|
Batting: RHB Peter Wheeler
|
0-0: Foul Ball, location: 2F 0-1: Ground out 4-3 (Groundball, 4S, EV 85.0 MPH)
|
| Bottom of the 4th over - 0 runs, 0 hits, 0 errors, 0 left on base; Brooklyn 6 - Rome 0 |
| TOP OF THE 5TH |
|
Brooklyn Cyclones batting - Pitching for Rome Braves : RHP Jose Medina
|
|
Batting: LHB Kodai Furuki
|
0-0: Ball 1-0: Called Strike 1-1: Foul Ball, location: 2F 1-2: Strikes out swinging
|
|
Batting: LHB Adam Barry
|
0-0: Ball 1-0: Ball 2-0: Called Strike 2-1: Fly out, F8 (Flyball, 89XD, EV 99.4 MPH)
|
|
Batting: SHB Julio Ramos
|
0-0: Called Strike 0-1: Ball 1-1: Swinging Strike 1-2: TRIPLE (Flyball, 7LD, EV 108.8 MPH)
|
|
Batting: RHB Leo Roman
|
0-0: Called Strike 0-1: Ball 1-1: Swinging Strike 1-2: Ball 2-2: Foul Ball, location: 2F 2-2: Foul Ball, location: 2F 2-2: Strikes out swinging
|
| Top of the 5th over - 0 runs, 1 hit, 0 errors, 1 left on base; Brooklyn 6 - Rome 0 |
| BOTTOM OF THE 5TH |
|
Rome Braves batting - Pitching for Brooklyn Cyclones : LHP Steve Kelly
|
|
Batting: LHB Javier Rubio
|
0-0: Ball 1-0: Ball 2-0: Ball 3-0: Base on Balls
|
|
Batting: LHB Malik Boulay
|
0-0: Ball Javier Rubio steals 2nd base 1-0: Ball 2-0: Called Strike 2-1: Foul Ball, location: 2F 2-2: Ball 3-2: Ground out 5-3 (Groundball, 15, EV 81.3 MPH)
|
|
Pitching: RHP Alastair Henry
|
|
|
Batting: RHB Alex Velasquez
|
0-0: Called Strike 0-1: Called Strike 0-2: Fly out, F8 (Line Drive, 8RD, EV 97.5 MPH)
|
|
Batting: RHB Brandon Burrell
|
0-0: Ball 1-0: Foul Ball, location: 2F 1-1: Ball 2-1: Swinging Strike 2-2: Strikes out looking
|
| Bottom of the 5th over - 0 runs, 0 hits, 0 errors, 1 left on base; Brooklyn 6 - Rome 0 |
| TOP OF THE 6TH |
|
Brooklyn Cyclones batting - Pitching for Rome Braves : RHP Jose Medina
|
|
Batting: RHB Mario Trujillo
|
0-0: Ball 1-0: Ball 2-0: Ball 3-0: Base on Balls
|
|
Batting: LHB Manny Caldera
|
0-0: Ball 1-0: Ball 2-0: Ball 3-0: Called Strike 3-1: Base on Balls Mario Trujillo to second
|
|
Batting: RHB Hyeok Kim
|
0-0: Called Strike 0-1: Foul Ball, location: 2F 0-2: Fly out, F7 (Line Drive, 7D, EV 92.5 MPH)
|
|
Batting: RHB Tony Oria
|
0-0: Ball 1-0: Ball 2-0: Ball 3-0: Base on Balls Mario Trujillo to third Manny Caldera to second
|
|
Batting: LHB Victor Ferrermena
|
0-0: Called Strike 0-1: Ball 1-1: Swinging Strike 1-2: Ball 2-2: Ball 3-2: Base on Balls Mario Trujillo scores Manny Caldera to third Tony Oria to second
|
|
Batting: LHB Kodai Furuki
|
0-0: Ball 1-0: Called Strike 1-1: Called Strike 1-2: Ball 2-2: Strikes out looking
|
|
Batting: LHB Adam Barry
|
0-0: Called Strike 0-1: Ball 1-1: Ball 2-1: Ball 3-1: Base on Balls Manny Caldera scores Tony Oria to third Victor Ferrermena to second
|
|
Batting: SHB Julio Ramos
|
0-0: Ball 1-0: Ball Wild Pitch! Tony Oria scores Victor Ferrermena to third Adam Barry to second 2-0: Foul Ball, location: 2F 2-1: Called Strike 2-2: Ball 3-2: Base on Balls
|
|
Pitching: RHP Marvin Rosas
|
|
|
Batting: RHB Leo Roman
|
0-0: SINGLE (Line Drive, 78S, EV 93.1 MPH) Victor Ferrermena scores Adam Barry to third Julio Ramos to second Runner from 3rd tries for Home, throw by LF and OUT! 7-2
|
| Top of the 6th over - 4 runs, 1 hit, 0 errors, 2 left on base; Brooklyn 10 - Rome 0 |
| BOTTOM OF THE 6TH |
|
Rome Braves batting - Pitching for Brooklyn Cyclones : RHP Alastair Henry
|
|
Batting: RHB Ike Trout
|
0-0: Ball 1-0: Fly out, F9 (Flyball, 9LS, EV 96.9 MPH)
|
|
Batting: RHB Jose Ramos
|
0-0: Foul Ball, location: 2F 0-1: Ball 1-1: Swinging Strike 1-2: Ball 2-2: Strikes out looking
|
|
Batting: LHB Mike Tenorio
|
0-0: Called Strike 0-1: Foul Ball, location: 2F 0-2: Ground out 6-3 (Groundball, 6, EV 85.0 MPH)
|
| Bottom of the 6th over - 0 runs, 0 hits, 0 errors, 0 left on base; Brooklyn 10 - Rome 0 |
| TOP OF THE 7TH |
|
Brooklyn Cyclones batting - Pitching for Rome Braves : RHP Marvin Rosas
|
|
Batting: RHB Mario Trujillo
|
0-0: Ball 1-0: Ground out 5-3 (Groundball, 56S, EV 63.1 MPH)
|
|
Batting: LHB Manny Caldera
|
0-0: Called Strike 0-1: Swinging Strike 0-2: Ball 1-2: Strikes out swinging
|
|
Pinch Hitting: RHB Sergio Baeza
|
0-0: Swinging Strike 0-1: Foul Ball, location: 2F 0-2: Ball 1-2: Ball 2-2: Strikes out swinging
|
| Top of the 7th over - 0 runs, 0 hits, 0 errors, 0 left on base; Brooklyn 10 - Rome 0 |
| BOTTOM OF THE 7TH |
|
Rome Braves batting - Pitching for Brooklyn Cyclones : RHP Alastair Henry
|
|
Now at 2B: Sergio Baeza
|
|
|
Batting: RHB Tim Molchan
|
0-0: Ball 1-0: Ball 2-0: Foul Ball, location: 2F 2-1: Ball 3-1: Base on Balls
|
|
Batting: RHB Peter Wheeler
|
0-0: Ball 1-0: SINGLE (Groundball, 56D, EV 95.6 MPH) Tim Molchan to second
|
|
Batting: LHB Javier Rubio
|
0-0: Called Strike 0-1: Foul Ball, location: 2F 0-2: Ball 1-2: Ball 2-2: Foul Ball, location: 2F 2-2: Foul Ball, location: 2F 2-2: Foul Ball, location: 2F 2-2: Ball 3-2: Base on Balls Tim Molchan to third Peter Wheeler to second
|
|
Batting: LHB Malik Boulay
|
0-0: Fielders Choice at 2nd, 4-6 (Groundball, 4, EV 87.5 MPH) Tim Molchan scores Peter Wheeler to third
|
|
Batting: RHB Alex Velasquez
|
0-0: Called Strike 0-1: Ball 1-1: Grounds into double play, 3-6-3 (Groundball, 34, EV 106.3 MPH)
|
| Bottom of the 7th over - 1 run, 1 hit, 0 errors, 1 left on base; Brooklyn 10 - Rome 1 |
| TOP OF THE 8TH |
|
Brooklyn Cyclones batting - Pitching for Rome Braves : RHP Marvin Rosas
|
|
Pinch Hitting: RHB Rongo Olopoto
|
0-0: Foul Ball, location: 2F 0-1: Foul Ball, location: 2F 0-2: Ground out 6-3 (Groundball, 6, EV 84.4 MPH)
|
|
Pinch Hitting: RHB Craig Gangemi
|
0-0: Ground out 4-3 (Groundball, 4S, EV 80.0 MPH)
|
|
Batting: LHB Kodai Furuki
|
0-0: Ground out 4-3 (Groundball, 4MD, EV 104.4 MPH)
|
| Top of the 8th over - 0 runs, 0 hits, 0 errors, 0 left on base; Brooklyn 10 - Rome 1 |
| BOTTOM OF THE 8TH |
|
Rome Braves batting - Pitching for Brooklyn Cyclones : RHP Alastair Henry
|
|
Pitching: RHP Leo Burgos
|
|
|
Now at 3B: Rongo Olopoto
|
|
|
Now in RF: Craig Gangemi
|
|
|
Pinch Hitting: RHB David Zelaya
|
0-0: Called Strike 0-1: Ball 1-1: Swinging Strike 1-2: Foul Ball, location: 2F 1-2: Ball 2-2: Ball 3-2: Strikes out swinging
|
|
Batting: RHB Ike Trout
|
0-0: Ball 1-0: Called Strike 1-1: Swinging Strike 1-2: Strikes out swinging
|
|
Batting: RHB Jose Ramos
|
0-0: Ball 1-0: SOLO HOME RUN (Flyball, 7LD, EV 91.9 MPH), Distance : 347 ft
|
|
Batting: LHB Mike Tenorio
|
0-0: SINGLE (Line Drive, 6MD, EV 100.6 MPH)
|
|
Batting: RHB Tim Molchan
|
0-0: Ball 1-0: Swinging Strike 1-1: Ball Wild Pitch! Mike Tenorio to second 2-1: Ball 3-1: Foul Ball, location: 2F 3-2: Foul Ball, location: 2F 3-2: Strikes out swinging
|
| Bottom of the 8th over - 1 run, 2 hits, 0 errors, 1 left on base; Brooklyn 10 - Rome 2 |
| TOP OF THE 9TH |
|
Brooklyn Cyclones batting - Pitching for Rome Braves : RHP Marvin Rosas
|
|
Now at 1B: Eric Reeser
|
|
|
Now in LF: Jose Ramos
|
|
|
Now in CF: Javier Rubio
|
|
|
Batting: LHB Adam Barry
|
0-0: Called Strike 0-1: Called Strike 0-2: Ball 1-2: Foul Ball, location: 2F 1-2: Ground out 6-3 (Groundball, 6, EV 101.9 MPH)
|
|
Batting: SHB Julio Ramos
|
0-0: Ball 1-0: Foul Ball, location: 2F 1-1: Swinging Strike 1-2: Ball 2-2: Foul Ball, location: 2F 2-2: Foul Ball, location: 2F 2-2: Strikes out looking
|
|
Batting: RHB Leo Roman
|
0-0: Called Strike 0-1: Ground out 5-3 (Groundball, 5, EV 89.4 MPH)
|
| Top of the 9th over - 0 runs, 0 hits, 0 errors, 0 left on base; Brooklyn 10 - Rome 2 |
| BOTTOM OF THE 9TH |
|
Rome Braves batting - Pitching for Brooklyn Cyclones : RHP Leo Burgos
|
|
Batting: RHB Peter Wheeler
|
0-0: Ball 1-0: SINGLE (Groundball, 4MD, EV 101.9 MPH)
|
|
Batting: LHB Javier Rubio
|
0-0: Ball 1-0: Called Strike 1-1: Foul Ball, location: 2F 1-2: Ball 2-2: Ball 3-2: Base on Balls Peter Wheeler to second
|
|
Pitching: RHP Jason Vulich
|
|
|
Batting: LHB Malik Boulay
|
0-0: Called Strike 0-1: Foul Ball, location: 2F 0-2: Strikes out swinging
|
|
Batting: RHB Alex Velasquez
|
0-0: Ball 1-0: Fielders Choice at 2nd, 4-6 (Groundball, 4M, EV 78.1 MPH) Peter Wheeler to third
|
|
Batting: SHB Eric Reeser
|
0-0: Ball 1-0: Ground out 6-3 (Groundball, P, EV 84.4 MPH)
|
| Bottom of the 9th over - 0 runs, 1 hit, 0 errors, 2 left on base; Brooklyn 10 - Rome 2 |
|